AoeStats
← AUTHENTIC DEXTER KENT

Arabia

508123219Analyzed
1v1 RM · 11d ago on Sep 21, 2026· 27m 31s· 2 players
Game mode
Random Map
Map size
Tiny (2 player)
Population
200
Speed
Normal
Resources
Standard
Victory
Conquest
Starting age
Dark Age
Ending age
Imperial Age
RankedLock teamsTeams togetherTeam positionsShared explorationLock speedFull tech treeHidden civsTurbo modeCheats
Victory
Defeat
🇦🇷 Vietnamese · Argentina
1220
+16
🇪🇸 Cumans · Spain
1221
-16
AUTHENTIC DEXTER KENT
9:15 Feudal Age
7:30 Loom
9:47 Double-Bit Axe
11:23 Gold Mining
17:09 Fletching
21:38 Castle Age
20:20 Padded Archer Armor
21:42 Crossbowman
22:17 Bodkin Arrow
22:16 Horse Collar
23:01 Bow Saw
25:12 Leather Archer Armor
25:16 Stone Mining
27:08 Wheelbarrow
26:46 Thumb Ring
kikemzhz
7:14 Loom
10:01 Feudal Age
15:54 Double-Bit Axe
15:57 Horse Collar
19:44 Padded Archer Armor
20:29 Wheelbarrow
22:08 Town Watch
22:58 Fletching
25:25 Castle Age
25:23 Scale Barding Armor
25:54 Bloodlines
Connection lost

Rejoining the realm…

Still unreachable

The connection could not be restored.

Session expired

The server has moved on; the page needs a fresh start.